 Dungeon Crawl Stone Soup version 0.15.2 (webtiles) character file.

84 magipi the Cudgeler (level 4, 0/35 HPs)
             Began as a Mummy Berserker on Apr 11, 2017.
             Was a Priest of Trog.
             Slain by a hound (4 damage)
             ... on Level 4 of the Dungeon.
             The game lasted 00:12:08 (2891 turns).

magipi the Cudgeler (Mummy Berserker)               Turns: 2891, Time: 00:12:08

HP   0/35        AC  4     Str 20      XL: 4   Next: 23%
MP   4/4         EV 11     Int  6      God: Trog [***...]
Gold 151         SH  4     Dex 12      Spells:  0 memorised,  3 levels left

rFire  x . .     SeeInvis .     a - +0 mace
rCold  + . .     Clarity  .     b - +0 animal skin
rNeg   + + +     rCorr    .     c - +1 buckler {reflect}
rPois  +         rRot     +     (no helmet)
rElec  .         Spirit   .     n - +0 cloak
SustAb .         Warding  .     (no gloves)
rMut   .         Stasis   .     g - +0 pair of boots
Gourm  .                        (no amulet)
MR     .....                    (no ring)
                                (no ring)

@: not resistant to hostile enchantments, very unstealthy
A: no food or potions, fire vulnerability, restore body, cold resistance 1,
negative energy resistance 3, poison resistance, torment resistance, unbreathing
a: Burn Spellbooks, Trog's Hand, Renounce Religion


You were on level 4 of the Dungeon.
You worshipped Trog.
Trog was most pleased with you.
You were not hungry.

You visited 1 branch of the dungeon, and saw 4 of its levels.

You collected 151 gold pieces.

Inventory:

Hand weapons
 a - a +0 mace (weapon)
 i - a +2 whip of flaming
Missiles
 e - 17 poisoned needles
 l - 3 tomahawks of returning (quivered)
Armour
 b - a +0 animal skin (worn)
 c - a +1 buckler of reflection (worn)
 g - a +0 pair of boots (worn)
 n - a +0 cloak (worn)
Scrolls
 d - a scroll of remove curse {unknown}
 f - a scroll of noise {unknown}
 h - a scroll of teleportation {unknown}
 j - a scroll of identify {unknown}
 k - a scroll of random uselessness {unknown}
 m - a scroll of enchant weapon {unknown}


   Skills:
 - Level 3.0 Fighting
 + Level 4.2 Maces & Flails
 - Level 1.5 Armour
 - Level 1.5 Dodging


You had 3 spell levels left.
You didn't know any spells.

Dungeon Overview and Level Annotations

Branches:
Dungeon (4/15)
 Temple: D:4-7

Altars:
Dithmenos
Elyvilon

Annotations:
D:3 Terence; glosham's ghost, weakling OgAM


Innate Abilities, Weirdness & Mutations

You do not eat or drink.
Your flesh is vulnerable to fire.
Your flesh is cold resistant.
You are immune to negative energy.
Your system is resistant to poisons.
You are immune to unholy pain and torment.
You can survive without breathing.

Vault maps used:
D:1:      shiori_arrival_maze, st_stairs_13, minivault_25, minivault_5,
          serial_park_tiny_2
D:2:      first_bread
D:3:      gammafunk_temple_overflow_forgotten, serial_undead, serial_undead_b,
          serial_undead_d, serial_undead_a, serial_undead_e, uniq_terence
D:4:      fountainhead


Message History

You kill the orc!
Trog accepts your kill.
There is a stone staircase leading down here.
There is a stone staircase leading up here.
There is a stone staircase leading down here.
There is a stone staircase leading down here.
You start resting.
HP restored.
You climb downwards.
Level annotation: Terence; glosham's ghost, weakling OgAM
There is a stone staircase leading up here.
Unknown command.
You aren't carrying any items that can be evoked.
Unknown command.
There is a stone staircase leading down here.
A goblin comes into view.
Found 16 stones.
You hit the goblin.
You kill the goblin!
Trog accepts your kill.
You see here a goblin corpse.
You offer a prayer to Trog.
The goblin corpse is consumed in a column of flame.
Trog is most pleased with you.
Found a robe.
You see here 16 stones.
Found 17 stones.
A ball python zombie comes into view.
You sock the ball python zombie!
You destroy the ball python zombie!
You see here a robe.
Found a leather armour.
A rat comes into view.
You see here a leather armour.
You hit the rat.
You kill the rat!
Trog accepts your kill.
You see here a rat corpse.
You see here a rat corpse.
You offer a prayer to Trog.
The rat corpse is consumed in a column of flame.
Trog is most pleased with you.
Found a quarterstaff.
A rat comes into view.
You closely miss the rat. The rat closely misses you.
You hit the rat.
You kill the rat!
Trog accepts your kill.
Terence shouts!
A hobgoblin and a zombie come into view.
Press: ? - help, v - describe, . - travel
Here: Terence, wielding a runed hand axe and wearing a ring mail The floor.
Unknown command.
Terence says, "Don't bother to defend, it's useless."
You see here a leather armour.
There is a stone staircase leading down here.
You climb downwards.
A hound and a skeleton come into view.
Found 17 stones.
Found a stone staircase leading down.
There is a stone staircase leading up here.
The hound barks!
You barely miss the hound. The hound bites you. The hound bites you.
You barely miss the hound. The hound barely misses you.
You block the rat skeleton's attack. The hound bites you.
You completely miss the hound. The hound misses you.
The rat skeleton bites you but does no damage.
The hound closely misses you.
You hit the hound but do no damage. The hound bites you.
The rat skeleton bites you but does no damage.
The hound bites you.
You hit the hound.
The hound is moderately wounded.
The hound bites you. The rat skeleton completely misses you.
A kobold comes into view.
The kobold shouts!
The hound bites you but does no damage.
Found 7 needles of paralysis.
Found a stone staircase leading down.
The hound barely misses you.
You closely miss the hound.
The hound is moderately wounded.
The hound bites you. The hound misses you.
You closely miss the hound.
The hound is moderately wounded.
The hound bites you.
* * * LOW HITPOINT WARNING * * *
You hit the hound but do no damage.
The hound is moderately wounded.
The hound barely misses you. The hound misses you.
You closely miss the hound.
The hound is moderately wounded.
The hound bites you.
* * * LOW HITPOINT WARNING * * *
The hound bites you.
* * * LOW HITPOINT WARNING * * *
You barely miss the hound.
The hound is moderately wounded.
The hound bites you.
You die...

..# ..>.. ≈
...... ≈≈≈
....... ≈≈≈
...#....###≈≈
......(#...#
##.....#.⌠.# #
........#@..#≈≈#
##..#.h###≈..≈#
###.........K....
.......><....#(##
...............#
..............#
###..........##
#.........##
#.......###


You could see a hound.

Table legend:
 A = Kills in this place as a percentage of kills in entire the game.
 B = Kills by you in this place as a percentage of kills by you in the entire game.
 C = Kills by friends in this place as a percentage of kills by friends in the entire game.
 D = Other kills in this place as a percentage of other kills in the entire game.
 E = Experience gained in this place as a percentage of experience gained in the entire game.
 F = Experience gained in this place divided by the number of levels of this place that you have seen.
                   A       B       C       D       E      F
               +-------+-------+-------+-------+-------+----------------------
         Total | 100.0 | 100.0 |  -nan |  -nan | 100.0 |  30.0
       Dungeon | 100.0 | 100.0 |  -nan |  -nan | 100.0 |  30.0
               +-------+-------+-------+-------+-------+----------------------

Vanquished Creatures
  3 adders
  An ooze (D:1)
  An orc (D:2)
  4 bats
  2 giant cockroaches
  7 goblins
  6 hobgoblins
  8 jackals (D:2)
  5 kobolds
  A quokka (D:2)
  A ball python (D:2)
  A ball python zombie (D:3)
  5 giant newts
  A hobgoblin skeleton (D:3)
  9 rats
55 creatures vanquished.

Notes
Turn   | Place    | Note
--------------------------------------------------------------
     0 | D:1      | magipi, the Mummy Berserker, began the quest for the Orb.
     0 | D:1      | Reached XP level 1. HP: 18/18 MP: 1/1
   307 | D:1      | Reached XP level 2. HP: 21/24 MP: 2/2
   976 | D:2      | Acquired Trog's second power
  1321 | D:2      | Reached XP level 3. HP: 29/29 MP: 3/3
  1984 | D:2      | Reached skill level 4 in Maces & Flails
  2187 | D:3      | Found a white marble altar of Elyvilon.
  2195 | D:3      | Found a shadowy altar of Dithmenos.
  2219 | D:3      | Noticed glosham's ghost (weakling OgAM)
  2267 | D:3      | Reached XP level 4. HP: 32/35 MP: 4/4
  2334 | D:3      | Noticed Terence
  2891 | D:4      | Slain by a hound

Action                   |  1- 3 |  4- 6 || total
-------------------------+-------+-------++-------
Melee: Mace              |   144 |    41 ||   185
Throw: Tomahawk          |       |     5 ||     5

Action                   |  1- 3 |  4- 6 || total
-------------------------+-------+-------++-------
Melee: Mace              |   144 |    41 ||   185
Throw: Tomahawk          |       |     5 ||     5
